 Dungeon Crawl Stone Soup version 0.22.1-1-ga44c0e5 (webtiles) character file.

28119 harcile the Carver (level 13, 0/114 HPs)
             Began as a Hill Orc Fighter on Oct 31, 2018.
             Was a High Priest of Qazlal.
             Killed by drain life
             ... invoked by a soul eater
             ... summoned by an orc high priest
              (14 damage)
             ... while paralysed by an orc sorcerer
             ... on level 2 of the Orcish Mines on Nov 1, 2018.
             The game lasted 01:17:31 (19839 turns).

harcile the Carver (Hill Orc Fighter)              Turns: 19839, Time: 01:17:32

Health: 0/114      AC: 30    Str: 20    XL:     13   Next: 36%
Magic:  13/13      EV:  2    Int:  8    God:    Qazlal [*****.]
Gold:   1542       SH:  0    Dex: 12    Spells: 12/12 levels left

rFire    . . .     SeeInvis .   a - +8 scimitar
rCold    . . .     Gourm    .   i - +0 large shield
rNeg     . . .     Faith    .   N - +0 crystal plate armour
rPois    .         Spirit   .   D - +1 helmet
rElec    .         Reflect  .   (no cloak)
rCorr    +         Harm     .   W - +0 pair of gloves
MR       .....                  n - +0 pair of boots {run}
Stlth    ..........             m - amulet of the acrobat
HPRegen  0.29/turn              o - +2 ring of protection
MPRegen  0.13/turn              t - ring of resist corrosion

@: paralysed, protected from physical damage, drained, repel missiles, quick
A: weak 1
a: Upheaval, Elemental Force, Disaster Area, Renounce Religion, Convert to Beogh


You were on level 2 of the Orcish Mines.
You worshipped Qazlal.
Qazlal was extremely pleased with you.
You were hungry.

You visited 4 branches of the dungeon, and saw 17 of its levels.

You collected 1627 gold pieces.
You spent 85 gold pieces at shops.

Inventory:

Hand Weapons
 a - a +8 scimitar (weapon)
 b - a +1 scimitar of flaming
 r - a +3 long sword of slicing
 F - a +1 great sword of electrocution
 H - a +0 arbalest of flaming
 L - a +0 double sword of slicing
 M - the +4 mace of Gluttony {pain, +Blink rF+}
   (You found it on level 8 of the Dungeon)

   In the hands of one skilled in necromantic magic, it inflicts extra damage on
   living creatures.
   It protects you from fire.
   It lets you blink.
 P - the +3 long sword of Voarphuocw {antimagic, rElec rPois rC- Int+8}
   (You found it on level 10 of the Dungeon)

   It reduces the magical energy of the wielder, and disrupts the spells and
   magical abilities of those hit.
   Natural abilities and divine invocations are not affected.
   It affects your intelligence (+8).
   It makes you vulnerable to cold.
   It insulates you from electricity.
   It protects you from poison.
 Q - the +4 hunting sling of Capital Punishment {velocity, rElec rF++ rC- MP+9}
   (You found it on level 4 of the Dungeon)

   Any stone fired from it inflicts extra damage.
   It greatly protects you from fire.
   It makes you vulnerable to cold.
   It insulates you from electricity.
   It affects your magic capacity (+9).
 R - a +2 falchion
 S - a +2 great sword
Missiles
 I - 242 stones (quivered)
Armour
 c - a +1 chain mail of fire resistance
 i - a +0 large shield (worn)
 n - a +0 pair of boots of running (worn)
 y - a +2 chain mail of cold resistance
 D - a +1 helmet (worn)
 N - a +0 crystal plate armour (worn)
 O - a +0 shield of reflection
 W - a +0 pair of gloves (worn)
Jewellery
 m - an amulet of the acrobat (around neck)
 o - a +2 ring of protection (left hand)
 t - a ring of resist corrosion (right hand)
 J - an uncursed ring of protection from cold
 V - an uncursed ring of ice
Wands
 g - a wand of flame (12)
Scrolls
 h - 9 scrolls of remove curse
 j - 6 scrolls of teleportation
 k - 6 scrolls of identify
 q - 3 scrolls of magic mapping
 C - a scroll of fog
 G - 3 scrolls of amnesia
 K - 3 scrolls of fear
Potions
 d - 3 potions of might
 l - 2 potions of berserk rage
 p - 4 potions of flight
 s - 2 potions of brilliance
 u - a potion of magic
 v - 4 potions of curing
 w - 2 potions of resistance
 z - 2 potions of lignification
 A - 2 potions of heal wounds
 B - a potion of ambrosia
 E - a potion of agility
 X - 3 potions of cancellation
Comestibles
 f - 39 rations


   Skills:
 + Level 10.4(9.5) Fighting
 + Level 14.0(13.0) Long Blades
 + Level 10.8(9.8) Armour
 + Level 4.5(3.6) Dodging
 - Level 1.0(0.2) Stealth
 + Level 13.1(12.0) Shields


You had 12 spell levels left.
You didn't know any spells.
Your spell library contained the following spells:

 Spells                   Type           Power        Failure   Level  Hunger
 Corona                   Hex            #......      100%        1    ##.....
 Ensorcelled Hibernation  Hex/Ice        #.....       100%        2    ###....
 Confuse                  Hex            #.......     100%        3    ####...
 Dazzling Spray           Conj/Hex       #.....       100%        3    ####...
 Tukima's Dance           Hex            #.......     100%        3    ####...


Dungeon Overview and Level Annotations

Branches:
Dungeon (12/15)            Temple (1/1) D:6            Lair (2/6) D:10
  Snake (0/4) Lair:2          Orc (2/2) D:11            Elf (0/3) Orc:2
  Swamp: Lair:2-4    Shoals: Lair:2-4

Altars:
Ashenzari
Cheibriados
Dithmenos
Elyvilon
Fedhas
Gozag
Hepliaklqana
Kikubaaqudgha
Makhleb
Nemelex Xobeh
Okawaru
Qazlal
Ru
Sif Muna
Trog
Uskayaw
Vehumet
Wu Jian
Xom
Yredelemnul
Zin
The Shining One

Shops:
D:4 ?   D:8 *   D:11 ?   Orc:1 :

Annotations:
Lair:2 Tommers's ghost, journeyman DsFi
Orc:1 Erica; Urug


Innate Abilities, Weirdness & Mutations

You are weak. (Str -2)


Message History

The orc warrior hits you but does no damage.
The soul eater draws from the surrounding life force!
* * * LOW HITPOINT WARNING * * *
The orc high priest utters an invocation to Beogh.
Something hits you but does no damage.
The orc high priest shouts, "Join the one true god or die!"
The orc warrior hits you but does no damage.
The orc high priest hits you but does no damage.
Something hits you but does no damage.
The orc high priest is engulfed in freezing vapours.
The orc warrior is engulfed in freezing vapours.
The orc warrior hits you with a mace.
* * * LOW HITPOINT WARNING * * *
The orc high priest calls upon Beogh to heal the orc knight.
The orc knight's wounds heal themselves!
Something completely misses you.
The orc high priest hits you but does no damage.
You feel drained.
The soul eater draws from the surrounding life force!
You die...

###
#.......### #
#.........## #
#......(...##
#######.....##
#####....#
####..###[..#
#..÷.÷.##[..#
.÷...§)#)..##
..÷..3o@...#
...§.4o{o§##
.÷....o.§##
.........#
.......###
#....÷# ######


You could see an orc knight, a soul eater, 2 orc high priests, a hellwing and an
orc warrior.

Vanquished Creatures
  Donald (Orc:2)
  An orc warlord (D:11)
  A stone giant (D:11)
  Azrael (Orc:2)
  A hydra (D:11)
  4 two-headed ogres
  An orc high priest (Orc:2)
  An unseen horror (D:9)
  Pikel (D:6)
  4 orc knights
  A cyclops (D:11)
  An ugly thing (D:12)
  3 orc sorcerers (Orc:2)
  A guardian serpent (Lair:2)
  Psyche (D:9)
  2 black mambas
  2 komodo dragons
  A troll (D:12)
  4 slime creatures (D:12)
  4 hippogriffs
  4 yaks (Lair:2)
  A wraith (D:12)
  4 fire elementals (Orc:2)
  A basilisk (Lair:2)
  A hungry ghost (D:9)
  A two-headed ogre zombie (D:11)
  4 wargs
  2 water moccasins (Lair:2)
  Duvessa (D:7)
  2 hell hounds (Orc:2)
  An ice beast (D:10)
  24 orc warriors
  3 porcupines
  A hornet zombie (D:12)
  4 black bears
  5 necrophages (Lair:2)
  3 phantoms
  12 ogres
  4 centaurs
  4 crocodiles (Lair:2)
  A big kobold (D:10)
  7 bullfrogs
  Dowan (D:7)
  A wyvern skeleton (D:11)
  3 troll zombies (D:11)
  2 scorpions
  5 killer bees
  13 wights
  4 howler monkeys
  3 crimson imps
  2 centaur zombies
  A quasit (D:9)
  A jelly (D:7)
  17 orc priests
  2 bullfrog skeletons
  A centaur skeleton (D:5)
  4 hounds
  19 orc wizards
  Jessica (D:3)
  2 iguanas
  10 worker ants
  4 ogre zombies (D:11)
  A hound zombie (D:3)
  2 hound skeletons
  A howler monkey zombie (D:10)
  A worker ant zombie (D:3)
  3 gnolls (D:9)
  A howler monkey skeleton (D:7)
  5 adders
  2 shadow imps
  An ooze (D:2)
  An adder zombie (D:7)
  An adder skeleton (D:3)
  3 worms
  4 dart slugs
  5 leopard geckos
  83 orcs
  6 giant cockroaches
  6 hobgoblins
  14 kobolds
  5 quokkas
  4 ball pythons
  8 bats
  5 frilled lizards
  10 goblins
  4 goblin zombies (D:11)
  A hobgoblin zombie (D:11)
  A jackal zombie (D:7)
  A leopard gecko skeleton (D:4)
  A leopard gecko zombie (D:5)
  3 orc skeletons (D:11)
  17 orc zombies (D:11)
  A quokka skeleton (D:5)
  7 rats
430 creatures vanquished.

Vanquished Creatures (others)
  A slave (D:6)
  A bullfrog (D:6)
  An orc wizard (Orc:2)
  2 fungi (Lair:2)
  A plant (Lair:2)
6 creatures vanquished.

Grand Total: 436 creatures vanquished

Notes
Turn   | Place    | Note
-------+----------+-------------------------------------------
     0 | D:1      | harcile the Hill Orc Fighter began the quest for the Orb.
     0 | D:1      | Reached XP level 1. HP: 19/19 MP: 1/1
   121 | D:1      | Reached XP level 2. HP: 22/27 MP: 2/2
   566 | D:1      | Reached XP level 3. HP: 29/33 MP: 3/3
  1565 | D:2      | Reached XP level 4. HP: 30/40 MP: 4/4
  1857 | D:2      | Reached skill level 3 in Long Blades
  1858 | D:2      | Found a shadowy altar of Dithmenos.
  2321 | D:3      | Reached XP level 5. HP: 46/46 MP: 5/5
  2576 | D:3      | Reached skill level 4 in Long Blades
  2576 | D:3      | Reached skill level 1 in Dodging
  2924 | D:3      | Noticed Jessica
  2928 | D:3      | Killed Jessica
  2928 | D:3      | Reached XP level 6. HP: 51/53 MP: 6/6
  3025 | D:4      | Found Xievejan's Magic Scroll Shoppe.
  3464 | D:3      | Reached skill level 5 in Fighting
  3464 | D:3      | Reached skill level 5 in Shields
  3464 | D:3      | Reached XP level 7. HP: 61/61 MP: 7/7
  3533 | D:4      | Got an ivory hunting sling
  3557 | D:4      | Identified the +4 hunting sling of Capital Punishment
                  | {velocity, rElec rF++ rC- MP+9} (You found it on level 4 of
                  | the Dungeon)
  3636 | D:4      | Bought a scroll of identify for 20 gold pieces
  3636 | D:4      | Bought a scroll of teleportation for 30 gold pieces
  3636 | D:4      | Bought a scroll of magic mapping for 35 gold pieces
  3841 | D:5      | Entered Level 5 of the Dungeon
  3887 | D:4      | Reached skill level 5 in Long Blades
  4675 | D:5      | Found a stormy altar of Qazlal.
  4675 | D:5      | Found an ornate altar of the Wu Jian Council.
  4676 | D:5      | Found a radiant altar of Vehumet.
  4723 | D:5      | Reached skill level 6 in Long Blades
  4875 | D:5      | Reached skill level 5 in Armour
  5289 | D:6      | Noticed Pikel
  5318 | D:6      | Killed Pikel
  5318 | D:6      | Reached skill level 7 in Long Blades
  5318 | D:6      | Reached XP level 8. HP: 46/69 MP: 8/8
  5637 | D:6      | Found a staircase to the Ecumenical Temple.
  5643 | Temple   | Entered the Ecumenical Temple
  5906 | D:5      | Became a worshipper of Qazlal Stormbringer
  6796 | D:7      | Reached XP level 9. HP: 61/75 MP: 9/9
  6843 | D:7      | Found a sparkling altar of Nemelex Xobeh.
  6984 | D:7      | Reached skill level 8 in Long Blades
  7036 | D:7      | Reached * piety under Qazlal
  7141 | D:7      | Noticed Dowan
  7141 | D:7      | Noticed Duvessa
  7174 | D:7      | Killed Duvessa
  7206 | D:7      | Killed Dowan
  7291 | D:7      | Found a white marble altar of Elyvilon.
  7293 | D:7      | Found a basalt altar of Yredelemnul.
  7371 | D:7      | Found a sacrificial altar of Ru.
  7423 | D:8      | Got a crystal mace
  7424 | D:8      | Identified the +4 mace of Gluttony {pain, +Blink rF+} (You
                  | found it on level 8 of the Dungeon)
  7545 | D:8      | Reached skill level 9 in Long Blades
  8075 | D:8      | Found Vecoj's General Store.
  8661 | D:9      | Noticed Psyche
  8674 | D:9      | Killed Psyche
  8674 | D:9      | Reached XP level 10. HP: 76/86 MP: 10/10
  9253 | D:9      | Reached ** piety under Qazlal
  9437 | D:9      | HP: 4/86 [something (6)]
  9442 | D:9      | HP: 5/129 [something (2)]
  9453 | D:9      | Killed an unseen horror
  9748 | D:10     | Entered Level 10 of the Dungeon
  9821 | D:10     | Noticed a two-headed ogre
  9840 | D:10     | Got a crude long sword
  9841 | D:10     | Identified the +3 long sword of Voarphuocw {antimagic,
                  | rElec rPois rC- Int+8} (You found it on level 10 of the
                  | Dungeon)
  9856 | D:10     | Killed a two-headed ogre
  9856 | D:10     | Reached skill level 10 in Long Blades
  9856 | D:10     | Reached skill level 1 in Stealth
 10440 | D:10     | Found a staircase to the Lair.
 10611 | D:11     | Noticed a two-headed ogre
 10619 | D:11     | Killed a two-headed ogre
 10619 | D:11     | Reached XP level 11. HP: 30/95 MP: 3/11
 10904 | D:11     | Noticed a cyclops
 10941 | D:11     | Killed a cyclops
 10941 | D:11     | Reached skill level 11 in Long Blades
 11021 | D:11     | Noticed a two-headed ogre
 11033 | D:11     | Killed a two-headed ogre
 11117 | D:11     | Found a staircase to the Orcish Mines.
 11494 | D:11     | Noticed a five-headed hydra
 11603 | Lair:1   | Entered Level 1 of the Lair of Beasts
 12158 | Lair:1   | Reached skill level 10 in Shields
 12650 | Lair:1   | Identified a scroll of acquirement
 12662 | Lair:1   | Identified a +0 pair of boots of running (You acquired it
                  | on level 1 of the Lair of Beasts)
 12827 | Lair:2   | Found a staircase to the Snake Pit.
 13003 | Lair:2   | Reached *** piety under Qazlal
 13512 | Lair:2   | Found a runed door.
 13849 | Lair:2   | Reached skill level 12 in Long Blades
 13987 | Lair:2   | Noticed Tommers's ghost (journeyman DsFi)
 14358 | D:11     | Reached XP level 12. HP: 78/104 MP: 12/12
 14448 | D:11     | Reached **** piety under Qazlal
 14510 | D:11     | Killed an eight-headed hydra
 14682 | D:11     | Found Isel's Magic Scroll Emporium.
 14958 | D:12     | Noticed a two-headed ogre
 15045 | D:12     | Killed a two-headed ogre
 15811 | Orc:1    | Entered Level 1 of the Orcish Mines
 15825 | Orc:1    | Noticed an orc warlord
 15826 | Orc:1    | Noticed a stone giant
 15866 | D:11     | Killed a stone giant
 16464 | D:11     | Killed an orc warlord
 16464 | D:11     | Reached skill level 13 in Long Blades
 16633 | Orc:1    | Reached skill level 10 in Armour
 16774 | Orc:1    | Found Zifituof's Book Shop.
 16847 | Orc:2    | Entered Level 2 of the Orcish Mines
 16867 | Orc:2    | Noticed Donald
 16890 | Orc:2    | Killed Donald
 17011 | Orc:2    | Reached ***** piety under Qazlal
 17080 | Orc:2    | Found a staircase to the Elven Halls.
 17316 | Orc:2    | Reached skill level 10 in Fighting
 17423 | Orc:2    | Noticed an orc high priest
 17816 | Orc:1    | Reached XP level 13. HP: 89/113 MP: 13/13
 17836 | Orc:2    | Gained mutation: You are weak. (Str -2) [a neqoxec]
 17936 | Orc:2    | Paralysed by an orc sorcerer for 4 turns
 17961 | Orc:2    | Noticed Azrael
 17997 | Orc:2    | Killed Azrael
 18295 | Orc:2    | Paralysed by an orc sorcerer for 2 turns
 18306 | Orc:2    | HP: 4/114 [orc high priest/divine providence (8)]
 18702 | Orc:1    | Noticed Erica
 18719 | Orc:2    | Reached skill level 14 in Long Blades
 19108 | Orc:1    | Noticed Urug
 19832 | Orc:2    | Paralysed by an orc sorcerer for 7 turns
 19839 | Orc:2    | Killed from afar by a soul eater

Skill      XL: |  1  2  3  4  5  6  7  8  9 10 11 12 13 |
---------------+----------------------------------------+-----
Shields        | 4 5 6 8 9 10 12 13 | 13.1
Fighting       | 4 5 7 8 9 10 | 10.4
Long Blades    | 3 4 7 9 10 12 13 14 | 14.0
Dodging        | 1 2 3 4 |  4.5
Armour         | 4 5 6 7 8 9 10 | 10.8
Stealth        | 1 |  1.0

Action                   |  1- 3 |  4- 6 |  7- 9 | 10-12 | 13-15 || total
-------------------------+-------+-------+-------+-------+-------++-------
Melee: Long sword        |   102 |   242 |   512 |   485 |       ||  1341
       Scimitar          |       |       |       |   375 |   148 ||   523
  Use: Scroll            |       |       |     8 |    20 |     2 ||    30
       Potion            |       |       |       |     5 |       ||     5
  Eat: Chunk             |     2 |     7 |    17 |    22 |     6 ||    54
       Ration            |       |       |     3 |     2 |       ||     5
Armor: Scale mail        |    61 |   102 |   222 |   136 |       ||   521
       Skin              |       |       |       |    14 |       ||    14
       Plate armour      |       |       |       |   156 |       ||   156
       Crystal plate arm |       |       |       |    10 |    86 ||    96
       Chain mail        |       |       |       |     3 |       ||     3
Dodge: Dodged            |   136 |    97 |   403 |   361 |    26 ||  1023
       Deflected         |       |       |       |     2 |     1 ||     3
Block: Shield            |   124 |   154 |   441 |   706 |       ||  1425
       Large shield      |       |       |       |    82 |   185 ||   267
       Other             |       |       |       |     2 |       ||     2
       Rpst.: Long sword |    43 |    32 |   124 |    59 |       ||   258
       Scimitar          |       |       |       |    23 |     8 ||    31
